 Dungeon Crawl Stone Soup version 0.25.1-2-g60ff931df9 (webtiles) character file.

Game seed: 3726840757717261344

165 Dillybarz the Shield-Bearer (level 5, -2/33 HPs)
             Began as a Gargoyle Fighter on Sept 24, 2020.
             Killed by divine providence
             ... invoked by an orc priest
              (13 damage)
             ... on level 3 of the Dungeon on Sept 29, 2020.
             The game lasted 00:15:12 (3745 turns).

Dillybarz the Shield-Bearer (Gargoyle Fighter)      Turns: 3745, Time: 00:15:12

Health: -2/33      AC: 14    Str: 20    XL:     5   Next: 46%
Magic:  5/5        EV:  9    Int:  9    God:
Gold:   120        SH:  9    Dex:  9    Spells: 4/4 levels left

rFire    . . .     SeeInvis .   a - +0 flail
rCold    . . .     Gourm    .   c - +0 kite shield
rNeg     + . .     Faith    .   p - +0 chain mail
rPois    ∞         Spirit   .   (no helmet)
rElec    +         Reflect  .   (no cloak)
rCorr    .         Harm     .   s - +0 pair of gloves
MR       +....                  (no boots)
Stlth    ..........             (no amulet)
HPRegen  0.11/turn              q - +4 ring of evasion
MPRegen  0.09/turn              r - ring of protection from magic

@: no status effects
A: negative energy resistance 1, electricity resistance, unbreathing,
petrification resistance, rot immunity, AC +4
a: no special abilities


You were on level 3 of the Dungeon.
You were not hungry.

You visited 1 branch of the dungeon, and saw 3 of its levels.

You collected 120 gold pieces.

Inventory:

Hand Weapons
 a - a +0 flail (weapon)
Missiles
 e - 136 stones (quivered)
Armour
 c - a +0 kite shield (worn)
 p - a +0 chain mail (worn)
 s - a +0 pair of gloves (worn)
Jewellery
 b - a +6 ring of intelligence
 q - a +4 ring of evasion (left hand)
 r - a ring of protection from magic (right hand)
Scrolls
 l - 2 scrolls of teleportation
 n - 3 scrolls of remove curse
Potions
 d - a potion of might
 h - a potion of haste
 i - a potion of magic {unknown}
 j - a potion of brilliance {unknown}
 k - a potion of resistance {unknown}
 m - 2 potions of curing {unknown}
 o - a potion of flight {unknown}
 t - a potion of berserk rage {unknown}
Comestibles
 f - 6 rations
 g - 2 chunks of flesh


   Skills:
 + Level 4.2 Fighting
 + Level 3.1 Maces & Flails
 + Level 4.0 Armour
 + Level 0.9 Dodging
 + Level 0.8 Stealth
 + Level 4.3 Shields


You had 4 spell levels left.
You didn't know any spells.
Your spell library was empty.

Dungeon Overview and Level Annotations

Branches:
Dungeon (3/15)

Altars:
Qazlal


Innate Abilities, Weirdness & Mutations

You are resistant to torment.
Your stone body is resilient. (AC +4)
You are immune to poison.
You resist negative energy. (rN+)
You are resistant to electric shocks. (rElec)
You can survive without breathing.
You are immune to petrification.
You are immune to rotting.


Message History

The orc is heavily wounded.
The orc hits you but does no damage. x2
You hit the orc but do no damage.
The orc is moderately wounded.
The orc hits you but does no damage.
You hit the orc.
You kill the orc!
The orc priest casts a cantrip, but nothing happens.
The orc priest calls down the wrath of Beogh upon you.
You resist with some effort. You block the orc priest's attack.
Items here: ) [[ †† a +0 chain mail; a +0 hand axe; a +0 leather armour; an orc corpse x2
You closely miss the orc priest. The orc priest barely misses you.
You hit the orc priest but do no damage.
You block the orc priest's attack.
You barely miss the orc priest.
The orc priest calls down the wrath of Beogh upon you.
Beogh smites you!
You die...

#####.#.###....##.#..#
#.#.#............#
#.#.#.##...#...#.#
#.#.#.##...#...#.#
#.#.#.##...#...#.#
#.#.#.##...#...#.#
#.#.#.##...#..[# #.#
#.##...#...# #@#
#......#...# #o# ###
#o# #.###### #...$..#
#......# #..........
...#..o......
#####...o.....


You could see an orc priest and an orc.

Vanquished Creatures
  Robin (D:2)
  4 adders
  2 gnolls (D:2)
  An ooze (D:2)
  2 worms (D:2)
  4 dart slugs
  2 orcs (D:3)
  3 bats (D:1)
  4 giant cockroaches
  10 hobgoblins
  9 jackals
  5 kobolds
  3 quokkas
  A ball python (D:3)
  3 frilled lizards
  14 goblins
  5 rats
73 creatures vanquished.

Notes
Turn   | Place    | Note
-------+----------+-------------------------------------------
     0 | D:1      | Dillybarz the Gargoyle Fighter began the quest for the Orb.
     0 | D:1      | Reached XP level 1. HP: 14/14 MP: 1/1
   567 | D:1      | Reached XP level 2. HP: 19/19 MP: 2/2
  1349 | D:2      | Reached XP level 3. HP: 14/24 MP: 3/3
  2132 | D:2      | Reached XP level 4. HP: 27/29 MP: 4/4
  2263 | D:2      | Noticed Robin
  2285 | D:2      | Killed Robin
  2617 | D:2      | Reached XP level 5. HP: 9/33 MP: 5/5
  3241 | D:3      | Found a stormy altar of Qazlal.
  3514 | D:3      | Noticed a black bear
  3745 | D:3      | Killed from afar by an orc priest

Illustrated notes

Levels and vault maps discovered:
D:1:      minmay_arrival_shattered_statue, layout_basic
D:2:      minmay_angry_zag, layout_loops_corners, minmay_octomino_e4, uniq_robin
D:3:      lemuel_upstairs_altar, layout_basic, nicolae_overflow_crystal_walls,
          grunt_qazlal_clouds, tso_altar, uniq_grinder

Skill      XL: |  1  2  3  4  5 |
---------------+----------------+-----
Fighting       | 4 |  4.2
Shields        | 4 |  4.3
Armour         | 4 |  4.0
Maces & Flails | 3 |  3.1
Dodging        | |  0.9
Stealth        | |  0.8

Action                   |  1- 3 |  4- 6 || total
-------------------------+-------+-------++-------
Melee: Flail             |   152 |   184 ||   336
  Use: Scroll            |     7 |     3 ||    10
  Eat: Chunk             |     4 |     6 ||    10
Armor: Scale mail        |    39 |       ||    39
       Chain mail        |    46 |   115 ||   161
Dodge: Dodged            |    49 |    66 ||   115
Block: Kite shield       |    65 |   100 ||   165
